 Dungeon Crawl Stone Soup version 0.31-a0-210-gccc998df9b (webtiles) character file.

Game seed: 8705817869183575958

28 qw the Shield-Bearer (level 3, -1/23 HPs)
             Began as a Gargoyle Fighter on June 30, 2023.
             Slain by a gnoll
             ... wielding a +0 club
              (2 damage)
             ... on level 2 of the Dungeon.
             The game lasted 00:00:33 (1204 turns).

qw the Shield-Bearer (Gargoyle Fighter)             Turns: 1204, Time: 00:00:33

Health: -1/23      AC: 13    Str: 24    XL:     3   Next: 14%
Magic:  3/3        EV:  4    Int:  8    God:
Gold:   37         SH:  0    Dex: 12    Spells: 2/2 levels left

rFire   + . .        Y - +1 war axe
rCold   x . .        c - +0 buckler
rNeg    + . .        l - +0 chain mail
rPois   inf          n - +0 helmet
rElec   +            (no cloak)
rCorr   .            (no gloves)
SInv    .            (no boots)
Will    +....        (no amulet) Stlth
                     a - ring "Agomutso" {Fire Will+ Str+3 Dex+3}
HPRegen 0.23/turn    (no ring)
MPRegen 0.08/turn

%: no passive effects
@: held
A: sickness immunity, AC +3, negative energy resistance 1, electricity
resistance, torment resistance 1, petrification resistance
a: no special abilities


You were on level 2 of the Dungeon.
You visited 1 branch of the dungeon, and saw 2 of its levels.

You collected 37 gold pieces.


Innate Abilities, Weirdness & Mutations

You are immune to sickness and miasma.
Your stone body is resilient. (AC +3)
You are immune to poison.
You resist negative energy. (rN+)
You are resistant to electric shocks. (rElec)
You are resistant to unholy torment.
You are immune to petrification.


   Skills:
 - Level 3.2 Fighting
 + Level 3.2 Axes
 - Level 3.2 Armour
 - Level 3.2 Shields


You had 2 spell levels left.
You didn't know any spells.
Your spell library was empty.

Inventory:

Hand Weapons
 j - a +0 mace
 Y - a +1 war axe (weapon)
Armour
 c - a +0 buckler (worn)
 l - a +0 chain mail (worn)
 n - a +0 helmet (worn)
Jewellery
 a - the ring "Agomutso" (left hand) {Fire Will+ Str+3 Dex+3}
   (You acquired it on level 1 of the Dungeon)

   [ring of fire]

   It enhances your fire magic.
   Str:       It affects your strength (+3).
   Dex:       It affects your dexterity (+3).
   rF:        It protects you from fire.
   rC:        It makes you vulnerable to cold.
   Will:      It increases your willpower.
Potions
 d - 3 potions of might
 f - a potion of enlightenment {unknown}
 i - a potion of lignification
 m - 2 potions of heal wounds {unknown}

Dungeon Overview and Level Annotations

Branches:
Dungeon (2/15)

Altars:


Message History

Enter note:
Enter note:
Enter note:
Enter note:
Enter note:
Enter note:
Enter note:
Enter note: You slash the goblin!
You kill the goblin!
Things that are here:
a +0 club; a goblin corpse
m - 2 white potions (gained 1)
A gnoll comes into view. It is wielding a +0 halberd.
Enter note:
Enter note:
Enter note:
Enter note: 3 gnolls come into view.
The gnoll shouts! x4
The gnoll hits you from afar with a +0 halberd.
Enter note:
Enter note:
Enter note:
Enter note: You barely miss the gnoll.
The gnoll hits you but does no damage.
The gnoll throws a throwing net.
The throwing net hits you.
You become entangled in the net!
The gnoll hits you from afar with a +0 halberd.
The gnoll hits you but does no damage. The gnoll barely misses you.
You struggle against the net.
The gnoll hits you but does no damage. x2; The gnoll barely misses you.
You struggle against the net.
The gnoll hits you with a +0 whip.
The gnoll hits you from afar with a +0 halberd!
The gnoll hits you but does no damage.
You struggle against the net.
The gnoll hits you with a +0 whip. The gnoll hits you but does no damage.
The gnoll hits you with a +0 club.
You die...

####### #.# .### #.#
...## ### #.# #
##..## #.. ... .#
###..# #.####.## #.#
.....# #....... ...#
.....# #..###.####..#
.....# #........#gg.#
####.# #..###)#.@.g#
#.###......#.g#.#
#.................
#..##%##............
#......#.###...######
##.##....# ..#.#
#.##.#..# ......
.....#...>.##.###
#.#####.... .#


You could see 4 gnolls.

Vanquished Creatures
  A dart slug (D:1)
  3 endoplasms (D:1)
  A giant cockroach (D:1)
  6 goblins
  2 hobgoblins
  A quokka (D:1)
  A ball python (D:1)
  2 bats (D:1)
  2 frilled lizards
  A kobold (D:2)
  4 rats
24 creatures vanquished.

Notes
Turn   | Place    | Note
-------+----------+-------------------------------------------
     0 | D:1      | qw the Gargoyle Fighter began the quest for the Orb.
     0 | D:1      | Reached XP level 1. HP: 14/14 MP: 1/1
     0 | D:1      | 0 ||| qw: Version: 0.3-a-26-gee661ec
     0 | D:1      | 0 ||| qw: Game counter: 7225
     0 | D:1      | 0 ||| qw: Melee chars always use a shield: true
     0 | D:1      | 0 ||| qw: God list: Okawaru
     0 | D:1      | 0 ||| qw: Allow faded altars: false
     0 | D:1      | 0 ||| qw: Do Orc after clearing Dungeon:15 true
     0 | D:1      | 0 ||| qw: Do second Lair branch before Depths: true
     0 | D:1      | 0 ||| qw: Lair rune preference: random
     0 | D:1      | 0 ||| qw: Goals: Normal, Zot:1-4, Slime:5, God:TSO, Crypt,
                  | Tomb, Abyss, Pan, Hells, Win
     0 | D:1      | 0 ||| PLANNING D:1-11
   216 | D:1      | 216 ||| DROPPING +0 club.
   281 | D:1      | Reached XP level 2. HP: 19/19 MP: 2/2
   573 | D:1      | Found a faded altar of an unknown god.
   681 | D:1      | Reached skill level 3 in Axes
   882 | D:1      | 882 ||| UPGRADING to +0 chain mail.
   892 | D:1      | 892 ||| DROPPING +0 scale mail.
   893 | D:1      | 893 ||| UPGRADING to +0 helmet.
   898 | D:1      | 898 ||| READING scroll labelled BUEVUSUFFO.
   911 | D:1      | 911 ||| READING scroll labelled DOGIUF MIETE.
   912 | D:1      | 912 ||| READING scroll labelled ZUWKOV VISUO.
   913 | D:1      | 913 ||| READING scroll labelled NYOM GERUCRUACH.
   914 | D:1      | 914 ||| READING scroll labelled CEHIAHA MUHO.
   914 | D:1      | Identified a scroll of acquirement
   914 | D:1      | 914 ||| ACQUIRING ring "Agomutso" {Fire Will+ Str+3 Dex+3}
   914 | D:1      | Acquired the ring "Agomutso" {Fire Will+ Str+3 Dex+3}
   916 | D:1      | 916 ||| UPGRADING to ring "Agomutso" {Fire Will+ Str+3
                  | Dex+3}.
   917 | D:1      | 917 ||| DRINKING 2 lumpy inky potions.
  1101 | D:2      | Reached XP level 3. HP: 23/23 MP: 3/3
  1203 | D:2      | HP: 4/23 [gnoll/+0 halberd (10)]
  1204 | D:2      | HP: 1/23 [gnoll/+0 whip (3)]
  1204 | D:2      | Slain by a gnoll

Levels and vault maps discovered:
D:1:      shiori_arrival_oz, layout_loops_corners,
          dreamdust_ecumenical_altar_grove, corexii_leaking_fountain
D:2:      layout_basic, kennysheep_generic_room_5

Skill      XL: |  1  2 |
---------------+-------+-----
Axes           | 2 3 |  3.2
Fighting       | |  3.2
Armour         | |  3.2
Shields        | |  3.2

Action                     || total
---------------------------++-------
  Melee: War axe           ||    63
    Use: Scroll            ||     5
         Potion            ||     1
 Armour: Scale mail        ||    22
         Chain mail        ||    17
  Dodge: Dodged            ||    19
  Block: Buckler           ||    11

Table legend:
 A = Non-vault XP
 B = Vault XP
 C = Vault XP percentage of total XP
 D = Non-vault monster count
 E = Vault monster count
 F = Vault count percentage of total count
                 A         B        C        D         E       F
            +---------+---------+-------+---------+---------+-------
      Total |      39 |       2 |   4.9 |      23 |       1 |   4.2
            +---------+---------+-------+---------+---------+-------
        D:1 |      30 |       2 |   6.2 |      17 |       1 |   5.6
        D:2 |       9 |       0 |   0.0 |       6 |       0 |   0.0
            +---------+---------+-------+---------+---------+-------
